 Dungeon Crawl Stone Soup version 0.29-a0-823-gc37b1572da (webtiles) character file.

Game seed: 1526014763193410962

17 freelancePsychic the Vexing (level 2, -1/16 HPs)
             Began as a Deep Elf Arcane Marksman on July 8, 2022.
             Slain by a gnoll
             ... wielding a +0 club
              (4 damage)
             ... on level 2 of the Dungeon.
             The game lasted 00:02:43 (1791 turns).

freelancePsychic the Vexing (DEAM)                  Turns: 1791, Time: 00:02:43

Health: -1/16      AC:  2    Str:  7    XL:     2   Next: 44%
Magic:  6/6        EV: 12    Int: 17    God:
Gold:   147        SH:  0    Dex: 15    Spells: 3/4 levels left

rFire   . . .      SeeInvis .   a - +0 sling
rCold   . . .      Faith    .   (no shield)
rNeg    . . .      Spirit   .   c - +0 robe
rPois   .          Reflect  .   (no helmet)
rElec   .          Harm     .   (no cloak)
rCorr   .          Rampage  .   (no gloves)
Will    .....                   (no boots)
Stlth   ++........              (no amulet)
HPRegen 0.05/turn               (no ring)
MPRegen 0.10/turn               (no ring)

@: no status effects
A: no striking features
a: no special abilities


You were on level 2 of the Dungeon.
You visited 1 branch of the dungeon, and saw 2 of its levels.

You collected 147 gold pieces.

Inventory:

Hand Weapons
 a - a +0 sling (weapon)
Armour
 c - a +0 robe (worn)
Scrolls
 b - a scroll of vulnerability
 d - a scroll of enchant weapon {unknown}
 e - a scroll of blinking {unknown}
 f - a scroll of immolation {unknown}
 g - a scroll of teleportation {unknown}
 h - 3 scrolls of identify {unknown}
 i - a scroll of magic mapping {unknown}


   Skills:
 - Level 0.8 Fighting
 * Level 3.3 Ranged Weapons
 - Level 2.4 Dodging
 * Level 1.5 Stealth
 - Level 1.6 Spellcasting
 + Level 4.2 Hexes
 + Level 0.0 Fire Magic


You had 3 spell levels left.
You knew the following spells:

 Your Spells              Type           Power      Damage    Failure   Level
a - Slow                  Hex            60%        N/A       3%          1

Your spell library contained the following spells:

 Spells                   Type           Power      Damage    Failure   Level
 Inner Flame              Hex/Fire       8%         N/A       26%         3
 Portal Projectile        Hex/Tloc       16%        N/A       26%         3
 Ozocubu's Armour         Ice            1%         N/A       52%         3
 Cause Fear               Hex            7%         N/A       34%         4
 Metabolic Englaciation   Hex/Ice        4%         N/A       93%         5
 Simulacrum               Ice/Necr       0%         N/A       100%        6


Dungeon Overview and Level Annotations

Branches:
Dungeon (2/15)

Altars:
Yredelemnul


Message History

There is a stone staircase leading up here.
Found a stone staircase leading down.
There is a stone staircase leading down here.
h - 3 scrolls labelled XAESHR FUAPT (gained 1) Done exploring.
Done exploring.
Done exploring.
(D) Dungeon
Where to? (? - help)
You see here a +0 mace.
There is a stone staircase leading up here.
You climb upwards.
The goblin barely misses you. The goblin hits you with a +0 club.
There is a stone staircase leading down, spattered with blood here.
The gnoll hits you with a +0 club!
Ouch! That really hurt!
* * * LOW HITPOINT WARNING * * *
The goblin barely misses you.
You climb downwards.
There is a stone staircase leading up here.
Okay, then.
You aren't carrying any potions.
Okay, then.
Fire: a) +0 sling
Press: ? - help, Shift-Dir - straight line, f - you Really target yourself?
Fire: a) +0 sling
Press: ? - help, Shift-Dir - straight line, f - goblin
Aim: a goblin, wielding a +0 club (47% to hit)
You shoot a sling bullet. The sling bullet hits the goblin.
The goblin is severely wounded.
The gnoll closely misses you. The goblin hits you with a +0 club.
* * * LOW HITPOINT WARNING * * *
Fire: a) +0 sling
Press: ? - help, Shift-Dir - straight line, f/p - goblin
Aim: a goblin, wielding a +0 club (severely wounded, 47% to hit)
You shoot a sling bullet. The sling bullet hits the goblin.
You kill the goblin!
The gnoll hits you with a +0 club.
You die...

#.##.# #.##.##
#.##..# #.###.#
#)# #.# #.# #.#
#.# #.# #g# #.#
#@# #.########
#)# #........#
####.# ########.#
#....# #.# #.####
#.# #.# #.# ###
#.# #.# #..
#.#############.#
#.#
#.............#.#
#.#


You could see a gnoll.

Vanquished Creatures
  A worm (D:2)
  A bat (D:2)
  An endoplasm (D:1)
  4 hobgoblins (D:2)
  A kobold (D:2)
  A ball python (D:2)
  A frilled lizard (D:2)
  3 goblins
  2 rats (D:2)
15 creatures vanquished.

Notes
Turn   | Place    | Note
-------+----------+-------------------------------------------
     0 | D:1      | freelancePsychic the Deep Elf Arcane Marksman began the
                  | quest for the Orb.
     0 | D:1      | Reached XP level 1. HP: 11/11 MP: 5/5
   594 | D:2      | Reached skill level 1 in Stealth
   748 | D:2      | Reached XP level 2. HP: 8/16 MP: 4/6
  1222 | D:2      | Found a basalt altar of Yredelemnul.
  1791 | D:2      | Slain by a gnoll

Illustrated notes

Levels and vault maps discovered:
D:1:      psy_arrival_wood_between_worlds, layout_basic, basic_ecumenical_altar,
          serial_park_tiny_pond
D:2:      layout_loops_ring, basic_altar

Skill      XL: |  1 |
---------------+----+-----
Ranged Weapons | 3 |  3.3
Stealth        | 1 |  1.5
Fighting       | |  0.8
Dodging        | |  2.4
Spellcasting   | |  1.6
Hexes          | |  4.2

Action                   || total
-------------------------++-------
 Fire: Sling             ||    57
 Cast: Slow              ||    10
Armor: Robe              ||     8
Dodge: Dodged            ||    23

Table legend: (Time is in decaauts)
 A = Elapsed time spent in this place.
 B = Non-inter-level travel time spent in this place.
 C = Inter-level travel time spent in this place.
 D = Time resting spent in this place.
 E = Time spent auto-exploring this place.
 F = Levels seen in this place.
 G = Mean time per level.
                   A        B        C        D        E       F      G
               +--------+--------+--------+--------+--------+-----+--------+
         Total |   1806 |   1790 |     16 |      0 |   1617 |   2 |  903.0 |
       Dungeon |   1806 |   1790 |     16 |      0 |   1617 |   2 |  903.0 |
               +--------+--------+--------+--------+--------+-----+--------+

Top non-repeatable levels by time:
     D:2: 1679 daAuts
     D:1: 126 daAuts
